 Dungeon Crawl Stone Soup version 0.26-a0-774-g1415c89e12 (webtiles) character file.

Game seed: 11780733814524750336

374462 GordonOverkill the Englaciator (level 22, -22/205 HPs)
             Began as a Barachi Ice Elementalist on Nov 8, 2020.
             Was the Champion of Vehumet.
             Killed by the air
             ... invoked by a titan
              (27 damage)
             ... on level 5 of the Vaults on Nov 9, 2020.
             The game lasted 02:32:33 (65891 turns).

GordonOverkill the Englaciator (BaIE)              Turns: 65891, Time: 02:32:33

Health: -22/205    AC: 27    Str: 11    XL:     22   Next: 74%
Magic:  36/51      EV: 11    Int: 23    God:    Vehumet [******]
Gold:   1047       SH:  7    Dex: 16    Spells: 19/54 levels left

rFire    + + +     SeeInvis .   C - staff of cold
rCold    + + +     Faith    .   Y - +2 buckler
rNeg     . . .     Spirit   .   R - +1 fire dragon scales
rPois    +         Reflect  .   H - +0 helmet of the Five of Wands {*Corrode rF++ rC+}
rElec    +         Harm     .   o - +2 cloak
rCorr    +         Rampage  .   N - +2 pair of gloves
MR       +....                  I - +2 pair of boots
Stlth    ..........             T - amulet of Vitality {Regen+ HP+15}
HPRegen  0.84/turn              A - ring of wizardry
MPRegen  0.32/turn              e - ring of the Castellan {rPois rC+ MP+9}

@: resistant, marked, can't hop, slow
A: +LOS, swims, agile 1, blink, screaming 1, slowness 1, evolution 1, strong
legs 2
}: 2/15 runes: decaying, barnacled
a: Hop, Blink, Renounce Religion


You were on level 5 of the Vaults.
You worshipped Vehumet.
Vehumet was exalted by your worship.
You visited 7 branches of the dungeon, and saw 37 of its levels.
You also visited: Gauntlet, Ice Cave and Volcano.

You collected 5079 gold pieces.
You spent 4032 gold pieces at shops.

Inventory:

Hand Weapons
 u - a +6 demon trident of electrocution
Missiles
 k - 49 boomerangs (quivered)
 x - 5 throwing nets
Armour
 o - a +2 cloak (worn)
 H - the +0 helmet of the Five of Wands (worn) {*Corrode rF++ rC+}
   (You found it on level 9 of the Dungeon)

   It greatly protects you from fire.
   It protects you from cold.
   It may corrode you when you take damage.
 I - a +2 pair of boots (worn)
 N - a +2 pair of gloves (worn)
 R - +1 fire dragon scales (worn)
 Y - a +2 buckler (worn)
Magical Staves
 C - an uncursed staff of cold (weapon)
Jewellery
 e - the ring of the Castellan (right hand) {rPois rC+ MP+9}
   (You acquired it on level 1 of the Swamp)

   [ring of poison resistance]

   It protects you from cold.
   It protects you from poison.
   It affects your magic capacity (+9).
 t - the ring of Oqoygeo {rF+ MP+9}
   (You found it on level 3 of the Shoals)

   [ring of magical power]

   It protects you from fire.
   It affects your magic capacity (+9).
 A - a ring of wizardry (left hand)
 T - the amulet of Vitality (around neck) {Regen+ HP+15}
   (You found it on level 11 of the Dungeon)

   [amulet of regeneration]

   It affects your health (+15).
   It increases your rate of regeneration.
 U - the ring "Giggol" {rPois MP+9 Str+2}
   (You found it on level 5 of the Lair of Beasts)

   [ring of magical power]

   It affects your strength (+2).
   It protects you from poison.
   It affects your magic capacity (+9).
Wands
 a - a wand of flame (33)
 i - a wand of acid (4)
 y - a wand of digging (7)
 E - a wand of enslavement (8)
 J - a wand of random effects (37)
 M - a wand of iceblast (21)
 S - a wand of paralysis (36)
Scrolls
 d - 2 scrolls of identify
 f - 17 scrolls of teleportation
 l - 7 scrolls of immolation
 q - 12 scrolls of remove curse
 r - 2 scrolls of amnesia
 B - 2 scrolls of brand weapon
 P - 4 scrolls of magic mapping
 Z - 4 scrolls of fog
Potions
 b - 10 potions of might
 g - 4 potions of mutation
 h - 17 potions of curing
 j - 3 potions of brilliance
 m - 5 potions of berserk rage
 n - 5 potions of cancellation
 p - 6 potions of lignification
 v - 5 potions of haste
 w - 2 potions of heal wounds
 z - 4 potions of invisibility
 D - 3 potions of flight
 G - 3 potions of magic
 L - a potion of ambrosia
 Q - 6 potions of resistance


   Skills:
 - Level 20.0 Fighting
 - Level 15.0 Armour
 - Level 5.0 Dodging
 - Level 1.7 Stealth
 - Level 4.0 Shields
 + Level 16.6 Spellcasting
 - Level 15.0 Conjurations
   Level 2.0 Summonings
 - Level 2.0 Translocations
   Level 1.4 Fire Magic
 O Level 27 Ice Magic
 - Level 2.0 Earth Magic
 - Level 5.0 Evocations


You had 19 spell levels left.
You knew the following spells:

 Your Spells              Type           Power        Failure   Level
a - Ozocubu's Refrigerat  Ice            ########..   1%          6
e - Blink                 Tloc           N/A          3%          2
f - Orb of Destruction    Conj           ######....   2%          7
g - Iron Shot             Conj/Erth      ######....   7%          6
h - Absolute Zero         Ice            ########..   2%          9
i - Irradiate             Conj/Tmut      ######....   1%          5

Your spell library contained the following spells:

 Spells                   Type           Power        Failure   Level
 Ignition                 Fire           ####......   100%        8
 Shatter                  Erth           ####......   100%        9
 Tornado                  Air            ###.......   100%        9
 Freeze                   Ice            ####         0%          1
 Frozen Ramparts          Ice            ######       0%          3
 Ozocubu's Armour         Ice            ########     0%          3
 Hailstorm                Conj/Ice       ########     0%          4
 Magic Dart               Conj           ####         1%          1
 Shock                    Conj/Air       ####         1%          1
 Searing Ray              Conj           ######       1%          2
 Conjure Flame            Conj/Fire      ######..     1%          3
 Dazzling Flash           Conj/Hex       ######       1%          3
 Mephitic Cloud           Conj/Pois/Air  #####...     1%          3
 Static Discharge         Conj/Air       ######..     1%          3
 Iskenderun's Mystic Bla  Conj/Tloc      ######..     1%          4
 Sticky Flame             Conj/Fire      ######..     1%          4
 Summon Ice Beast         Ice/Summ       #######.     1%          4
 Fireball                 Conj/Fire      ######....   1%          5
 Lightning Bolt           Conj/Air       ######....   1%          5
 Metabolic Englaciation   Hex/Ice        #######...   1%          5
 Freezing Cloud           Conj/Ice/Air   #######...   1%          6
 Apportation              Tloc           ####..       2%          1
 Summon Small Mammal      Summ           ####         2%          1
 Call Imp                 Summ           ####....     3%          2
 Inner Flame              Hex/Fire       ###.....     3%          3
 Simulacrum               Ice/Necr       #######...   3%          6
 Animate Skeleton         Necr           ###...       5%          1
 Corona                   Hex            ###....      5%          1
 Gell's Gravitas          Tloc           ####......   7%          3
 Lesser Beckoning         Tloc           ####......   7%          3
 Slow                     Hex            ###.....     8%          2
 Swiftness                Air            ###.....     8%          2
 Portal Projectile        Hex/Tloc       ###...       11%         3
 Airstrike                Air            ###.......   13%         4
 Confusing Touch          Hex            ###.....     16%         3
 Tukima's Dance           Hex            ###.....     16%         3
 Lee's Rapid Deconstruct  Erth           ####......   16%         5
 Leda's Liquefaction      Hex/Erth       ###.......   32%         4
 Petrify                  Tmut/Erth      ###.....     32%         4
 Yara's Violent Unravell  Hex/Tmut       ###.......   32%         5
 Animate Dead             Necr           ###.......   43%         4
 Cause Fear               Hex            ###.......   43%         4
 Borgnjor's Vile Clutch   Necr/Erth      ###.......   65%         5
 Alistair's Intoxication  Tmut/Pois      ###......    77%         5
 Lehudib's Crystal Spear  Conj/Erth      ######....   88%         8
 Chain Lightning          Conj/Air       ######....   95%         8
 Death Channel            Necr           ###.......   99%         6
 Invisibility             Hex            ###.....     99%         6
 Fire Storm               Conj/Fire      ######....   100%        9


Dungeon Overview and Level Annotations

Branches:
Dungeon (15/15)            Temple (1/1) D:7            Lair (6/6) D:10
  Swamp (4/4) Lair:4       Shoals (4/4) Lair:4        Slime (0/5) Lair:6
    Orc (2/2) D:11            Elf (0/3) Orc:2        Vaults (5/5) D:13
  Crypt (0/3) Vaults:3     Depths (0/5) D:15          IceCv (visited)
Volcano (visited)         Gauntlet (visited)
  Snake: Lair:2-4    Spider: Lair:2-4

Altars:
Ashenzari
Cheibriados
Dithmenos
Elyvilon
Fedhas
Gozag
Hepliaklqana
Kikubaaqudgha
Makhleb
Okawaru
Ru
Trog
Uskayaw
Vehumet
Yredelemnul
Zin
Jiyva

Shops:
D:4 [   D:11 !   Orc:2 :*:*   Vaults:2 ?   Vaults:4 !


Innate Abilities, Weirdness & Mutations

You can be seen from farther away. (+LOS)
You can swim through water.
You cover ground slowly.
You can hop long distances.
You are agile. (Dex +2)
You can translocate small distances at will.
You occasionally shout uncontrollably at your foes.
You evolve.


Message History

* * * LOW HITPOINT WARNING * * *
The ettin hits you but does no damage.
The titan waves its arms in wide circles.
The air twists around and strikes you!
* * * LOW HITPOINT WARNING * * *
The frost giant completely misses you.
The titan waves its arms in wide circles.
The air twists around and strikes you!
* * * LOW HITPOINT WARNING * * *
The stone giant misses you.
The deep elf high priest hits you but does no damage.
Press: ? - help, Dir - move target cursor
As you read the scroll of blinking, it crumbles to dust.
A slime creature, a boulder beetle, a sphinx, a yaktaur captain, a titan and 3 humans come into view.
A hell knight is wielding a +2 vorpal demon trident.
The necromancer is wielding a +0 vampiric dagger.
The hell knight casts a spell.
The hell knight seems to speed up.
The titan waves its arms in wide circles.
The air twists around and strikes you!!
You die...

#..##..##8§p#
#..##...##(C##
#..##....#§Cp###.#
#..#..#..##Cc§§...
#..#.p#...##§§§...
#..#..##...#####p#
#..#Bc.c....... .
#...J.pp##.....
#@pDH##### ##
#.........
#..Wp.pH.p


#pSDpppppp #ppCT.pOy. #Cp.p##### #DcCCp..# #Cc#pp..# #§C#Cp..# You could see a
shadow dragon, 4 titans, a storm dragon, a fire dragon, 2 sphinxes, 2 stone
giants, a yaktaur captain, a boulder beetle, 18 vault guards, an ettin, 2 hell
knights, an anaconda, a slime creature, an ogre mage, a deep troll, a vault
sentinel, 3 yaktaurs, a freezing wraith, a necromancer and a hornet.

Vanquished Creatures
  Mara (Shoals:4)
  Boris (Vaults:3)
  Margery (Vaults:3)
  the Lernaean hydra (Swamp:4)
  Nikola (Vaults:1)
  Jorgrun (Swamp:1)
  A lich (Vaults:5)
  2 tentacled monstrosities (Vaults:5)
  The ghost of SnubMonkey the Tortoise, an adept GnWn of Fedhas (Shoals:3)
  An Ice Fiend (IceCv)
  A kraken (Shoals:3)
  A thorn hunter (Swamp:3)
  The ghost of Zogoutz the Severer, an adept MiFi of Trog (Shoals:3)
  A sphinx (Vaults:2)
  The ghost of Caigor the Covert, an adept HuAr of Trog (Shoals:3)
  The ghost of Caigor the Covert, an adept HuAr of Trog (Shoals:3)
  2 shadow dragons (Vaults:2)
  Donald (Vaults:3)
  Polyphemus (Shoals:4)
  4 tengu reavers
  An iron dragon (Vaults:2)
  8 vault wardens
  2 deep elf sorcerers
  Aizul (Shoals:4)
  A frost giant (D:11)
  A fire giant (D:11)
  12 ironheart preservers
  The ghost of Feqidgh the Severer, a journeyman DDFi of Makhleb (Shoals:3)
  A deep elf elementalist (Vaults:5)
  6 very ugly things
  6 stone giants
  2 entropy weavers
  A bunyip (Swamp:3)
  A minotaur (Gauntlet)
  2 deep elf annihilators (Vaults:4)
  6 merfolk javelineers
  2 eleionomae
  3 ettins
  A shambling mangrove (Swamp:2)
  3 fire dragons
  4 merfolk impalers
  A deep elf high priest (D:11)
  Fannar (Lair:2)
  A great orb of eyes (Vaults:2)
  5 yaktaur captains
  14 vault guards
  6 boulder beetles
  4 ice dragons
  3 rakshasas
  22 hydras
  3 merfolk avatars
  4 catoblepae
  5 ghost crabs
  3 alligator snapping turtles
  9 centaur warriors
  2 death knights
  9 merfolk aquamancers
  3 satyrs
  10 alligators
  14 ogre magi
  53 two-headed ogres
  9 death yaks
  A goliath frog (Swamp:4)
  Nergalle (Lair:3)
  3 spriggans
  7 deep elf knights
  2 fire crabs
  2 skeletal warriors
  8 unseen horrors
  4 hell knights (Vaults:3)
  3 shadow wraiths
  7 deep trolls
  2 swamp dragons (shapeshifter)
  12 sea snakes
  11 swamp dragons
  2 wizards
  2 spriggan druids
  4 bog bodies
  10 harpies
  6 lindwurms
  8 deep elf archers
  4 necromancers
  20 ironbrand convokers
  4 wolf spiders
  14 orc knights
  A harpy (shapeshifter) (D:13)
  16 deep elf magi
  11 manticores
  An orb spider (shapeshifter) (D:15)
  45 ugly things
  13 fauns
  3 orc sorcerers
  10 cyclopes
  2 will-o-the-wisps
  An oklob plant (Lair:6)
  A salamander (shapeshifter) (D:15)
  8 water nymphs
  16 vault sentinels
  A guardian serpent (shapeshifter) (Vaults:1)
  4 molten gargoyles
  10 merfolk sirens
  2 gargoyles (D:12)
  18 cane toads
  9 elephants (Lair:6)
  5 black mambas
  A centaur skeleton (D:14)
  2 torpor snails
  A human zombie (Vaults:4)
  4 anaconda simulacra (IceCv)
  2 yaktaur zombies (Vaults:4)
  13 komodo dragons
  4 rime drakes
  3 efreet (Volcano)
  10 freezing wraiths
  16 yaktaurs
  5 ice devils (IceCv)
  2 kobold demonologists (D:12)
  A golden dragon simulacrum (IceCv)
  9 trolls
  A queen bee (shapeshifter) (Vaults:4)
  A jumping spider (Vaults:4)
  24 merfolk
  4 polar bears
  8 wind drakes
  7 snapping turtles
  A hornet (shapeshifter) (D:15)
  9 hornets
  16 blink frogs
  4 tyrant leeches
  11 dream sheep
  16 slime creatures
  A dream sheep (shapeshifter) (Vaults:2)
  2 meliai zombies
  4 centaur simulacra
  A redback (shapeshifter) (Vaults:1)
  13 water elementals
  2 shadows
  5 redbacks
  A tarantella (Vaults:3)
  Sigmund (D:2)
  3 wraiths
  10 wyverns
  4 fire elementals (Volcano)
  A human (shapeshifter) (D:13)
  16 yaks
  4 fire bats (Gauntlet)
  A yaktaur simulacrum (Vaults:1)
  A human simulacrum (Vaults:1)
  4 vampire mosquitoes (Swamp:1)
  A steam dragon (Lair:2)
  3 harpy simulacra (IceCv)
  4 iron troll simulacra (IceCv)
  14 swamp worms
  9 wargs
  21 water moccasins
  3 hydra simulacra (IceCv)
  13 swamp drakes
  5 ice beasts
  22 orc warriors
  5 sky beasts
  4 black bears
  2 alligator simulacra (IceCv)
  3 eyes of draining
  7 boggarts
  55 ogres
  6 wolves (Gauntlet)
  22 centaurs
  A big kobold (shapeshifter) (Vaults:4)
  2 earth elementals (Volcano)
  24 bullfrogs
  A big kobold (D:12)
  A gnoll sergeant (D:6)
  A wyvern zombie (D:12)
  5 scorpions
  A water moccasin skeleton (D:5)
  2 wights (D:9)
  3 electric eels
  2 centaur zombies
  3 lava snakes (D:13)
  A draconian simulacrum (IceCv)
  2 quasits
  2 bullfrog zombies
  Crazy Yiuf (D:2)
  7 hounds
  15 orc priests
  13 orc wizards
  6 bullfrog skeletons
  Jessica (D:3)
  Ijyb (D:5)
  3 iguanas
  10 worker ants
  A polar bear simulacrum (IceCv)
  3 spriggan simulacra (IceCv)
  3 troll simulacra (IceCv)
  2 wolf simulacra (IceCv)
  2 hound skeletons
  A worker ant zombie (D:5)
  8 gnolls
  2 naga simulacra (IceCv)
  12 adders
  8 white imps
  5 ufetubi
  6 worms
  3 dart slugs
  A leopard gecko (D:3)
  103 orcs
  2 ball pythons (D:5)
  8 bats
  6 giant cockroaches
  8 goblins
  9 hobgoblins
  13 jackals
  5 quokkas
  A frilled lizard (shapeshifter) (D:15)
  4 frilled lizards
  13 kobolds
  2 rats
  A river rat simulacrum (Lair:2)
  A butterfly (Lair:4)
  3 fire vortices (Volcano)
1377 creatures vanquished.

Vanquished Creatures (collateral kills)
  Snorg (D:9)
  An elephant (Lair:6)
  A centaur zombie (D:10)
  A rime drake (Lair:3)
  A troll (D:10)
  6 slime creatures
  An orc warrior (D:10)
  A black bear (D:7)
  2 ice beasts
  A necrophage (D:8)
  2 wolves (D:10)
  A water moccasin skeleton (D:8)
  2 wights (D:9)
  A howler monkey (D:9)
  A bullfrog zombie (D:8)
  2 hounds (D:10)
  A centaur skeleton (D:7)
  A bullfrog skeleton (D:11)
  An iguana (D:8)
  2 polar bear simulacra (Lair:2)
  3 wolf simulacra (Lair:2)
  2 yak simulacra (Lair:2)
  A hound skeleton (D:10)
  A shadow imp (D:7)
  3 white imps
  An ufetubus (D:10)
  2 orcs (D:8)
  3 river rat simulacra (Lair:2)
46 creatures vanquished.

Vanquished Creatures (others)
  An alligator (Swamp:1)
  2 bloated husks
  An earth elemental (Volcano)
  277 blocks of ice
  A bush (Lair:6)
  4 foxfires
  43 fungi
  214 plants
  21 withered plants (Gauntlet)
564 creatures vanquished.

Grand Total: 1987 creatures vanquished

Notes
Turn   | Place    | Note
-------+----------+-------------------------------------------
     0 | D:1      | GordonOverkill the Barachi Ice Elementalist began the quest
                  | for the Orb.
     0 | D:1      | Reached XP level 1. HP: 13/13 MP: 3/3
   224 | D:1      | Reached skill level 5 in Ice Magic
   529 | D:1      | Reached XP level 2. HP: 20/20 MP: 1/5
  1042 | D:1      | Reached skill level 1 in Fighting
  1864 | D:1      | Reached XP level 3. HP: 25/26 MP: 2/6
  1907 | D:1      | Learned a level 3 spell: Frozen Ramparts
  2542 | D:2      | Reached skill level 1 in Shields
  2810 | D:2      | Noticed Sigmund
  2816 | D:2      | Found a faded altar of an unknown god.
  2821 | D:2      | Killed Sigmund
  2821 | D:2      | Reached skill level 6 in Ice Magic
  2821 | D:2      | Reached XP level 4. HP: 10/34 MP: 2/8
  2821 | D:2      | Reached XP level 5. HP: 11/39 MP: 2/9
  3301 | D:2      | Learned a level 4 spell: Hailstorm
  3390 | D:2      | Found a runed translucent door.
  3391 | D:2      | Noticed Crazy Yiuf
  3399 | D:2      | Killed Crazy Yiuf
  3399 | D:2      | Reached XP level 6. HP: 30/46 MP: 3/10
  3770 | D:3      | Noticed Jessica
  3772 | D:3      | Killed Jessica
  4898 | D:3      | Reached XP level 7. HP: 47/52 MP: 7/12
  5119 | D:4      | Reached skill level 7 in Ice Magic
  5170 | D:4      | Learned a level 4 spell: Summon Ice Beast
  5324 | D:4      | Found Redod's Armour Boutique.
  5851 | D:5      | Entered Level 5 of the Dungeon
  6105 | D:5      | Reached skill level 8 in Ice Magic
  6313 | D:5      | Reached XP level 8. HP: 61/61 MP: 8/14
  6367 | D:5      | Noticed Ijyb
  6552 | D:5      | Killed Ijyb
  6963 | D:5      | Reached skill level 1 in Evocations
  7049 | D:5      | Reached skill level 5 in Fighting
  7676 | D:6      | Reached skill level 9 in Ice Magic
  7709 | D:6      | Reached skill level 5 in Spellcasting
  8237 | D:6      | Reached skill level 10 in Ice Magic
  8278 | D:6      | Reached XP level 9. HP: 68/68 MP: 10/16
  8849 | D:7      | Reached skill level 5 in Evocations
  9178 | D:7      | Reached skill level 1 in Summonings
  9454 | D:7      | Found a staircase to the Ecumenical Temple.
  9460 | D:7      | Reached skill level 1 in Conjurations
  9526 | Temple   | Entered the Ecumenical Temple
  9531 | Temple   | Became a worshipper of Vehumet
 10815 | D:8      | Learned a level 2 spell: Blink
 10865 | D:8      | Noticed a two-headed ogre
 10881 | D:8      | Killed a two-headed ogre
 10881 | D:8      | Reached skill level 1 in Translocations
 11286 | D:8      | Reached XP level 10. HP: 77/77 MP: 10/19
 11294 | D:8      | Reached * piety under Vehumet
 11294 | D:8      | Offered knowledge of Shock by Vehumet.
 12117 | D:9      | Identified a scroll of acquirement
 12117 | D:9      | Acquired Sif Muna's Almanac of Harmful Weightlessness
 12127 | D:9      | Learned a level 7 spell: Orb of Destruction
 12255 | D:9      | Reached skill level 11 in Ice Magic
 12838 | D:9      | Found an ancient bone altar of Kikubaaqudgha.
 12998 | D:9      | Learned a level 1 spell: Shock
 13088 | D:9      | Reached skill level 5 in Dodging
 13320 | D:9      | Got a warped helmet
 13326 | D:9      | Identified the cursed +0 helmet of the Five of Wands
                  | {*Corrode rF++ rC+} (You found it on level 9 of the
                  | Dungeon)
 13327 | D:9      | Got a distressingly furry robe
 13338 | D:9      | Identified the +1 robe "Suhohis" {MR- Str+3 Dex+4} (You
                  | found it on level 9 of the Dungeon)
 13446 | D:10     | Entered Level 10 of the Dungeon
 13446 | D:10     | Found a staircase to the Lair.
 14271 | D:10     | Noticed Snorg
 14419 | D:10     | Reached skill level 5 in Conjurations
 14739 | D:9      | Killed Snorg
 15347 | D:9      | Found an ancient bone altar of Kikubaaqudgha.
 15442 | D:10     | Killed an unseen horror
 15442 | D:10     | Reached XP level 11. HP: 84/86 MP: 13/22
 15519 | D:10     | Killed an unseen horror
 15524 | D:10     | Killed an unseen horror
 15650 | D:10     | Reached skill level 12 in Ice Magic
 15953 | Lair:1   | Entered Level 1 of the Lair of Beasts
 16010 | Lair:1   | Offered knowledge of Searing Ray by Vehumet.
 16042 | Lair:1   | Learned a level 2 spell: Searing Ray
 16187 | Lair:1   | Reached ** piety under Vehumet
 16187 | Lair:1   | Reached skill level 1 in Armour
 16233 | Lair:1   | Got a polished ring mail
 16251 | Lair:1   | Identified the cursed +1 ring mail "Baggymm" {Harm *Corrode
                  | rF+ Int+2} (You found it on level 1 of the Lair of Beasts)
 17101 | Lair:2   | Reached skill level 10 in Conjurations
 17132 | Lair:2   | Noticed a six-headed hydra
 17200 | Lair:2   | Noticed a necromancer
 17205 | Lair:2   | Reached skill level 5 in Armour
 17207 | Lair:2   | Killed a necromancer
 17207 | Lair:2   | Reached XP level 12. HP: 53/92 MP: 9/24
 17358 | Lair:2   | Offered knowledge of Dazzling Flash by Vehumet.
 17454 | Lair:2   | Learned a level 3 spell: Dazzling Flash
 17558 | Lair:2   | Noticed a six-headed hydra
 17784 | Lair:2   | Killed a six-headed hydra
 17970 | Lair:2   | Killed a six-headed hydra
 17970 | Lair:2   | Reached *** piety under Vehumet
 18479 | Lair:2   | Noticed Fannar
 18497 | Lair:2   | Killed Fannar
 19513 | Lair:3   | Noticed Nergalle
 19518 | Lair:3   | Killed Nergalle
 19518 | Lair:3   | Offered knowledge of Airstrike by Vehumet.
 19518 | Lair:3   | Reached skill level 13 in Ice Magic
 19614 | Lair:3   | Noticed a catoblepas
 19629 | Lair:3   | Killed a catoblepas
 19629 | Lair:3   | Reached skill level 10 in Fighting
 19725 | Lair:3   | Noticed a seven-headed hydra
 19731 | Lair:3   | Killed a seven-headed hydra
 19921 | Lair:3   | Gained mutation: You can hop long distances. [Barachi
                  | growth]
 19921 | Lair:3   | Reached XP level 13. HP: 103/103 MP: 22/26
 20644 | Lair:4   | Found a staircase to the Swamp.
 21145 | Lair:4   | Found a staircase to the Shoals.
 21313 | Lair:4   | Reached **** piety under Vehumet
 21628 | Lair:5   | Reached skill level 10 in Spellcasting
 21750 | Lair:5   | Found a dark tunnel.
 21760 | Volcano  | Entered a volcano
 21781 | Volcano  | Offered knowledge of Lee's Rapid Deconstruction by Vehumet.
 22434 | Lair:5   | Reached skill level 14 in Ice Magic
 23019 | Lair:5   | Got a slimy tin ring
 23089 | Lair:5   | Identified the ring "Giggol" {rPois MP+9 Str+2} (You found
                  | it on level 5 of the Lair of Beasts)
 23494 | Lair:5   | Learned a level 5 spell: Lee's Rapid Deconstruction
 23534 | Lair:6   | Entered Level 6 of the Lair of Beasts
 24036 | Lair:6   | Reached XP level 14. HP: 115/115 MP: 28/28
 24049 | Lair:6   | Reached ***** piety under Vehumet
 24207 | Lair:5   | Offered knowledge of Iskenderun's Mystic Blast by Vehumet.
 24213 | Lair:5   | Learned a level 4 spell: Iskenderun's Mystic Blast
 25420 | Lair:6   | Paralysed by a hornet for 1 turns
 25580 | Lair:6   | Reached skill level 10 in Armour
 25806 | Lair:6   | Found the +2 robe of Vines {NoPotionHeal Regen+7}
 26170 | Lair:6   | Found a viscous altar of Jiyva.
 26171 | Lair:6   | Found a staircase to the Slime Pits.
 26639 | D:11     | Found a staircase to the Orcish Mines.
 26826 | D:11     | Found a runed translucent door.
 26826 | D:11     | Noticed a tengu reaver
 26826 | D:11     | Noticed a fire giant
 26828 | D:11     | Noticed a frost giant
 26829 | D:11     | Found the amulet of Vitality {Regen+ HP+15}
 26848 | D:11     | Found Ukkaow's Distillery.
 27861 | D:11     | Killed a tengu reaver
 28030 | D:11     | Found a staircase to the Orcish Mines.
 28105 | D:11     | Killed a fire giant
 28107 | D:11     | Found Ukkaow's Distillery.
 28235 | D:11     | Offered knowledge of Fireball by Vehumet.
 28242 | D:11     | Learned a level 5 spell: Fireball
 28368 | D:11     | Killed a frost giant
 28368 | D:11     | Reached XP level 15. HP: 120/120 MP: 19/31
 29342 | D:12     | Reached skill level 15 in Conjurations
 29574 | Orc:1    | Entered Level 1 of the Orcish Mines
 29642 | Orc:1    | Paralysed by an orc sorcerer for 7 turns
 29892 | Orc:2    | Entered Level 2 of the Orcish Mines
 30089 | Orc:2    | Found a staircase to the Elven Halls.
 31197 | Orc:2    | Offered knowledge of Iron Shot by Vehumet.
 31205 | Orc:2    | Learned a level 6 spell: Iron Shot
 32024 | Orc:2    | Reached skill level 1 in Fire Magic
 32167 | Orc:2    | Reached skill level 1 in Earth Magic
 32195 | Orc:2    | Found Lilunecs's General Store.
 32195 | Orc:2    | Found Yssucu's Assorted Antiques.
 32196 | Orc:2    | Found Limmaret's Book Shop.
 32196 | Orc:2    | Found Vew Hageong's Book Emporium.
 32232 | Orc:2    | Bought a book of Annihilations for 1435 gold pieces
 32233 | Orc:2    | Bought a manual of Fighting for 1214 gold pieces
 32245 | Orc:2    | Learned a level 9 spell: Absolute Zero
 34570 | D:13     | Found a gate leading to a gauntlet.
 34640 | Gauntlet | Entered a Gauntlet
 34640 | Gauntlet | Found a transporter.
 34640 | Gauntlet | Found a transporter.
 34640 | Gauntlet | Found a runed translucent gate.
 34644 | Gauntlet | Found a runed translucent gate.
 34645 | Gauntlet | Found a runed translucent gate.
 34652 | Gauntlet | Found a transporter.
 34670 | Gauntlet | Found a transporter.
 34670 | Gauntlet | Found a transporter.
 34670 | Gauntlet | Found a transporter.
 34672 | Gauntlet | Found a transporter.
 34673 | Gauntlet | Found a transporter.
 34676 | Gauntlet | Noticed a balrug
 34686 | Gauntlet | Found a transporter.
 34701 | Gauntlet | Found a transporter.
 34711 | Gauntlet | Found a transporter.
 34713 | Gauntlet | Identified the amulet of Jysusoov {Acrobat *Slow rN+ Str+4}
 34729 | Gauntlet | Found a transporter.
 34745 | Gauntlet | Found a transporter.
 34757 | Gauntlet | Found a transporter.
 34795 | Gauntlet | Reached skill level 15 in Ice Magic
 35108 | Gauntlet | Got a scorched spear
 35109 | Gauntlet | Identified the cursed +0 spear of the Evil Eye {antimagic,
                  | rN+ Str-5 Int+8} (You found it in a Gauntlet)
 35161 | Gauntlet | Offered knowledge of Bolt of Magma by Vehumet.
 35242 | Gauntlet | Got a bound jade ring
 35243 | Gauntlet | Identified the cursed ring of Ziriebue {rF++ EV-4 Int-3}
                  | (You found it in a Gauntlet)
 35490 | Gauntlet | Reached XP level 16. HP: 138/138 MP: 33/33
 35493 | Gauntlet | Got an ancient robe
 35493 | Gauntlet | Got a spiked cloak
 35494 | Gauntlet | Identified the +2 robe "Hynid Pegae" {rElec} (You found it
                  | in a Gauntlet)
 35495 | Gauntlet | Identified the cursed +0 cloak "Zuckics" {+Blink Dex+2}
                  | (You found it in a Gauntlet)
 35514 | D:13     | Reached XP level 17. HP: 132/145 MP: 25/34
 36105 | D:13     | You fall into a shaft and drop 2 floors!
 36105 | D:15     | Entered Level 15 of the Dungeon
 37818 | D:15     | Offered knowledge of Freezing Cloud by Vehumet.
 37959 | D:15     | Found a staircase to the Depths.
 38475 | D:15     | Got an ichor-stained long sword
 38476 | D:15     | Identified the +3 long sword of Dismemberment {freeze, +Fly
                  | rN+ Int-2} (You found it on level 15 of the Dungeon)
 38593 | D:14     | Reached skill level 16 in Ice Magic
 39330 | D:13     | Found a gate to the Vaults.
 40274 | Orc:2    | Bought a wizard robe for 193 gold pieces
 40274 | Orc:2    | Bought a scroll of amnesia for 119 gold pieces
 40284 | Orc:2    | Identified the +2 robe "Muteokk" {*Contam Dex+3} (You
                  | bought it in a shop on level 2 of the Orcish Mines)
 40289 | Orc:2    | Gained mutation: You are covered in fur. (AC +1) [mutagenic
                  | glow]
 40469 | Swamp:1  | Entered Level 1 of the Swamp
 41243 | Swamp:1  | Learned a level 6 spell: Freezing Cloud
 41266 | Swamp:1  | Acquired the ring of the Castellan {rPois rC+ MP+9}
 41338 | Swamp:1  | Found an opulent altar of Gozag.
 41349 | Swamp:1  | Noticed Jorgrun
 41494 | Swamp:1  | Killed Jorgrun
 41613 | Swamp:1  | Reached skill level 17 in Ice Magic
 42643 | Swamp:2  | Reached XP level 18. HP: 132/158 MP: 23/35
 44678 | Swamp:4  | Entered Level 4 of the Swamp
 44993 | Swamp:3  | Offered knowledge of Irradiate by Vehumet.
 45010 | Swamp:3  | Learned a level 5 spell: Irradiate
 45193 | Swamp:4  | Reached skill level 18 in Ice Magic
 46437 | Swamp:4  | Noticed the 27-headed Lernaean hydra
 46450 | Swamp:4  | Killed the 27-headed Lernaean hydra
 46823 | Swamp:4  | Got a decaying rune of Zot
 46940 | Swamp:4  | Upgraded the game from 0.26-a0-771-g060e6a62af to
                  | 0.26-a0-774-g1415c89e12
 47026 | Shoals:1 | Entered Level 1 of the Shoals
 47040 | Shoals:1 | Gained mutation: You are frail. (-10% HP) [mutagenic glow]
 47174 | Shoals:1 | Lost mutation: You are frail. (-10% HP) [potion of
                  | mutation]
 47174 | Shoals:1 | Lost mutation: You are covered in fur. (AC +1) [potion of
                  | mutation]
 47174 | Shoals:1 | Gained mutation: You are agile. (Dex +2) [potion of
                  | mutation]
 47174 | Shoals:1 | Gained mutation: You evolve. [potion of mutation]
 49032 | Shoals:2 | Got a smelly ring mail
 49033 | Shoals:2 | Identified the +2 ring mail of Elyvilon's Hope {Regen+}
                  | (You found it on level 2 of the Shoals)
 49760 | Shoals:2 | Gained mutation: You expend magic power (3 MP) to
                  | strengthen your wands. [evolution]
 50224 | Shoals:3 | Reached skill level 19 in Ice Magic
 50224 | Shoals:3 | Reached XP level 19. HP: 155/169 MP: 22/37
 50967 | Shoals:3 | Offered knowledge of Ozocubu's Refrigeration by Vehumet.
 51124 | Shoals:3 | Learned a level 6 spell: Ozocubu's Refrigeration
 51140 | Shoals:3 | Found a runed translucent gate.
 51140 | Shoals:3 | Found a runed translucent gate.
 51140 | Shoals:3 | Found a runed translucent gate.
 51142 | Shoals:3 | Noticed Caigor's ghost (adept HuAr)
 51142 | Shoals:3 | Noticed Feqidgh's ghost (journeyman DDFi)
 51143 | Shoals:3 | Noticed SnubMonkey's ghost (adept GnWn)
 51143 | Shoals:3 | Noticed Caigor's ghost (adept HuAr)
 51144 | Shoals:3 | Noticed Zogoutz's ghost (adept MiFi)
 51684 | Shoals:3 | Killed Zogoutz's ghost
 51690 | Shoals:3 | Killed Caigor's ghost
 51708 | Shoals:3 | Killed Caigor's ghost
 51717 | Shoals:3 | Killed SnubMonkey's ghost
 51812 | Shoals:3 | Got a slimy demon trident
 51813 | Shoals:3 | Identified the +3 demon trident "Murmur" {venom, rC+} (You
                  | found it on level 3 of the Shoals)
 51820 | Shoals:3 | Killed Feqidgh's ghost
 51827 | Shoals:3 | Got a wavering ivory ring
 51828 | Shoals:3 | Identified the ring of Oqoygeo {rF+ MP+9} (You found it on
                  | level 3 of the Shoals)
 52341 | Shoals:4 | Entered Level 4 of the Shoals
 52351 | Shoals:4 | Noticed Aizul
 52352 | Shoals:4 | Killed Aizul
 52394 | Shoals:4 | Reached skill level 15 in Spellcasting
 52427 | Shoals:4 | Noticed Polyphemus
 52431 | Shoals:4 | Reached skill level 20 in Ice Magic
 52432 | Shoals:4 | Killed Polyphemus
 52459 | Shoals:4 | Reached ****** piety under Vehumet
 52467 | Shoals:4 | Found a frozen archway.
 52469 | Shoals:4 | Noticed Mara
 52475 | Shoals:4 | Noticed GordonOverkill's illusion
 52706 | IceCv    | Entered an ice cave
 53550 | IceCv    | Offered knowledge of Shatter by Vehumet.
 53550 | IceCv    | Offered knowledge of Tornado by Vehumet.
 53550 | IceCv    | Offered knowledge of Ignition by Vehumet.
 54836 | IceCv    | Noticed an Ice Fiend
 54837 | IceCv    | Killed an Ice Fiend
 54997 | IceCv    | Got a heavily runed hat
 54998 | IceCv    | Identified the +1 hat of Dramatic Exits {rElec MR- Regen+
                  | Slay+2} (You found it in an ice cave)
 55004 | IceCv    | Got an encrusted rapier
 55005 | IceCv    | Identified the cursed +0 rapier "Jyreoxt" {venom, rPois rN+
                  | Dex+8} (You found it in an ice cave)
 55026 | Shoals:4 | Killed Mara
 55026 | Shoals:4 | Reached skill level 21 in Ice Magic
 55437 | Shoals:4 | Reached XP level 20. HP: 176/176 MP: 35/39
 55645 | Shoals:4 | Gained mutation: You have a pair of small antennae on your
                  | head. [evolution]
 55865 | Shoals:4 | Got a barnacled rune of Zot
 56466 | Vaults:1 | Entered Level 1 of the Vaults
 56521 | Vaults:1 | Reached skill level 22 in Ice Magic
 56727 | Vaults:1 | Noticed Nikola
 56728 | Vaults:1 | Killed Nikola
 56921 | Vaults:1 | Got a blackened war axe
 56922 | Vaults:1 | Identified the +9 war axe "Vyaladau" {flame, rElec rN+}
                  | (You found it on level 1 of the Vaults)
 57876 | Vaults:1 | Reached skill level 23 in Ice Magic
 59794 | Vaults:2 | Reached skill level 24 in Ice Magic
 60122 | Vaults:2 | Found a huge runed gate.
 60122 | Vaults:2 | Found a huge runed gate.
 60122 | Vaults:2 | Found a huge runed gate.
 60122 | Vaults:2 | Found a huge runed gate.
 60122 | Vaults:2 | Found a huge runed gate.
 60122 | Vaults:2 | Found a huge runed gate.
 60122 | Vaults:2 | Found a huge runed gate.
 60122 | Vaults:2 | Found a huge runed gate.
 60122 | Vaults:2 | Found a huge runed gate.
 60122 | Vaults:2 | Found a huge runed gate.
 60122 | Vaults:2 | Found a huge runed gate.
 60122 | Vaults:2 | Found a huge runed gate.
 60122 | Vaults:2 | Found a huge runed gate.
 60123 | Vaults:2 | Found a huge runed gate.
 60124 | Vaults:2 | Found a huge runed gate.
 60125 | Vaults:2 | Found a huge runed gate.
 60126 | Vaults:2 | Found a huge runed gate.
 60181 | Vaults:2 | Reached XP level 21. HP: 163/183 MP: 40/40
 60675 | Vaults:2 | Reached skill level 25 in Ice Magic
 60811 | Vaults:2 | Found a huge runed gate.
 60812 | Vaults:2 | Found a huge runed gate.
 60821 | Vaults:2 | Found a huge runed gate.
 60821 | Vaults:2 | Found a huge runed gate.
 60821 | Vaults:2 | Found a huge runed gate.
 60821 | Vaults:2 | Found a huge runed gate.
 60821 | Vaults:2 | Found a huge runed gate.
 60821 | Vaults:2 | Found a huge runed gate.
 60821 | Vaults:2 | Found a huge runed gate.
 60821 | Vaults:2 | Found a huge runed gate.
 61029 | Vaults:2 | Found Acaunn's Magic Scroll Boutique.
 61053 | Vaults:2 | Bought a scroll of fog for 26 gold pieces
 61053 | Vaults:2 | Bought a scroll of fog for 26 gold pieces
 61053 | Vaults:2 | Bought a scroll of fog for 26 gold pieces
 61053 | Vaults:2 | Bought a scroll of enchant armour for 97 gold pieces
 61116 | Vaults:2 | Found a huge runed gate.
 61116 | Vaults:2 | Found a huge runed gate.
 61118 | Vaults:2 | Found a huge runed gate.
 61118 | Vaults:2 | Found a huge runed gate.
 61199 | Vaults:2 | Found a huge runed gate.
 61199 | Vaults:2 | Found a huge runed gate.
 61199 | Vaults:2 | Found a huge runed gate.
 61199 | Vaults:2 | Found a huge runed gate.
 61199 | Vaults:2 | Found a huge runed gate.
 61401 | Vaults:3 | Noticed Donald
 61402 | Vaults:3 | Killed Donald
 61650 | Vaults:3 | Noticed Margery
 61653 | Vaults:3 | Killed Margery
 61653 | Vaults:3 | Reached skill level 26 in Ice Magic
 61832 | Vaults:3 | Lost mutation: You have a pair of small antennae on your
                  | head. [potion of mutation]
 61832 | Vaults:3 | Lost mutation: You expend magic power (3 MP) to strengthen
                  | your wands. [potion of mutation]
 61832 | Vaults:3 | Gained mutation: You occasionally shout uncontrollably at
                  | your foes. [potion of mutation]
 61949 | Vaults:3 | Gained mutation: You can translocate small distances at
                  | will. [evolution]
 62218 | Vaults:3 | Found a staircase to the Crypt.
 62776 | Vaults:3 | Noticed Boris
 62778 | Vaults:3 | Killed Boris
 62867 | Vaults:3 | Reached XP level 22. HP: 190/190 MP: 41/41
 62874 | Vaults:3 | Reached skill level 27 in Ice Magic
 65231 | Vaults:4 | Found Wefrec's Distillery.
 65251 | Vaults:4 | Bought a potion of curing for 42 gold pieces
 65251 | Vaults:4 | Bought a potion of mutation for 112 gold pieces
 65251 | Vaults:4 | Bought a potion of resistance for 140 gold pieces
 65251 | Vaults:4 | Bought a potion of curing for 42 gold pieces
 65251 | Vaults:4 | Bought a potion of magic for 112 gold pieces
 65251 | Vaults:4 | Bought a potion of heal wounds for 70 gold pieces
 65251 | Vaults:4 | Bought a potion of curing for 42 gold pieces
 65251 | Vaults:4 | Bought a potion of invisibility for 112 gold pieces
 65251 | Vaults:4 | Bought 2 potions of invisibility for 224 gold pieces
 65823 | Vaults:5 | Entered Level 5 of the Vaults
 65833 | Vaults:5 | Reached skill level 15 in Armour
 65883 | Vaults:5 | Paralysed by a hornet for 1 turns
 65890 | Vaults:5 | HP: 4/205 [titan/the air (14)]
 65891 | Vaults:5 | Killed from afar by a titan

Illustrated notes

Levels and vault maps discovered:
D:1:      dpeg_arrival_tiny_h, layout_basic
D:2:      layout_rooms, chequers_ecumenical_altar_simple_redux,
          serial_bayou_lagoon_a, uniq_crazy_yiuf_cottage, uniq_sigmund
D:3:      layout_loops_ring, serial_park_tiny_2, uniq_jessica
D:4:      layout_cave_pods, serial_shops, shop
D:5:      layout_basic, grunt_ministairs_14, corexii_checkpoint_a,
          hangedman_decor_opposing, uniq_ijyb
D:6:      layout_loops_ring
D:7:      layout_loops_ring, minmay_temple_entry_nine_rooms
D:8:      layout_cave_pods
D:9:      layout_irregular_city, kennysheep_mini, minivault_10
D:10:     layout_rooms, erik_lair_island, uniq_snorg
D:11:     minmay_gate_of_8, layout_irregular_city, minmay_orc_entry_guard_dogs,
          serial_shops, nicolae_shop_window_shopping
D:12:     layout_loops_ring, chequers_arboretum
D:13:     layout_basic, erik_vaults_2, gauntlet_entry_generic
D:14:     layout_rooms, serial_ice, serial_ice_n, serial_ice_k, serial_ice_g,
          serial_ice_m
D:15:     gammafunk_enter_depths_forms, layout_irregular_city,
          minmay_misc_feat_five, minmay_lindwurm_lava
Temple:   grunt_wide_crystal_templ
Lair:1:   layout_regular_city, chequers_serial_rivers_marsh, st_stairs_3
Lair:2:   layout_gridlike, chequers_serial_rivers_room_a, st_stairs_5,
          eino_house_with_fridge, uniq_fannar
Lair:3:   layout_long_grid, beast_lair_carwin_2, uniq_nergalle
Lair:4:   layout_loops_ring, skrybe_swamp_entry_bodies,
          minmay_shoals_entry_lonely_mermaid, serial_bayou_ford_a,
          infiniplex_staircase_pool, lemuel_fruit_fields
Lair:5:   layout_long_grid, lightli_volcano_entry_magma_tube, lemuel_fruit_tree,
          grunt_megastairs_1
Lair:6:   gammafunk_lair_ancient_temple, layout_cave_shapes, slime_altar_1
Swamp:1:  layout_falls_marsh, lemuel_altar_in_water, uniq_jorgrun
Swamp:2:  layout_basic_swamp, evilmike_swamp_ruin_house_1, swamp_pool4
Swamp:3:  layout_basic_swamp, evilmike_swamp_ruin_house_5, swamp_pool5
Swamp:4:  swamp_basic_johnstein, layout_basic_swamp
Shoals:1: layout_shoals, nicolae_shoals_water_shrine
Shoals:2: layout_shoals
Shoals:3: argonaut_golden_fleece, layout_shoals, gammafunk_ghost_cemetery
Shoals:4: shoals_end_simple, layout_shoals, portal_ice_cave_entry_pillars_three,
          uniq_polyphemus, uniq_mara, uniq_aizul
Orc:1:    layout_caves
Orc:2:    st_orc_ogre_mass, layout_caves
Vaults:1: hangedman_vaults_corner_blocks, nicolae_vaults_little_squares_1,
          nicolae_vaults_angled_halls, grunt_vaults_hallway_long, v_pattern_1,
          nicolae_vaults_big_angled_halls, hangedman_vaults_nails,
          st_smaller_cells, v_misc_32, ontoclasm_vaults_spin,
          vaults_standard_mumra_x, v_misc_19, nicolae_vaults_specimen_jars,
          layout_vaults_ring, uniq_nikola
Vaults:2: grunt_vaults_swirl, nicolae_vaults_ninety_degrees,
          hangedman_vaults_corner_blocks, nicolae_vaults_shelves_hall,
          nicolae_vaults_stairing_the_circle, ontoclasm_vaults_ring_large,
          ontoclasm_vaults_fault, vaults_dpeg_doors, vaults_door_vault,
          vaults_room_boxed, vaults_room_pools, ontoclasm_vaults_shuriken,
          vaults_room_door_ring, layout_vaults_omnibox, serial_shops,
          nicolae_shop_behind_doors
Vaults:3: vaults_room_ringed_pool, grunt_vaults_trifunnel,
          ontoclasm_vaults_idyll, hangedman_vaults_capsules,
          nicolae_vaults_ring_of_whatevers, vaults_room_hallway,
          hangedman_vaults_trim, vaults_mumra_hexcomb, v_alt_pattern_5,
          ontoclasm_vaults_eye, layout_vaults_chaotic_city, uniq_donald,
          uniq_margery, uniq_boris
Vaults:4: v_misc_28, hangedman_vaults_trim, vaults_mumra_chevron,
          v_alt_pattern_6, hangedman_vaults_stagger, vaults_dpeg_ring,
          v_misc_10, v_misc_30, layout_vaults_omnigrid, serial_shops, shop
Vaults:5

Skill      XL: |  1  2  3  4  5  6  7  8  9 10 11 12 13 14 15 16 17 18 19 20 21 22 |
---------------+-------------------------------------------------------------------+-----
Ice Magic      | 5 6 8 10 11 12 13 14 15 17 19 21 24 26 27 | 27.0
Fighting       | 1 2 3 4 5 6 8 10 12 16 18 20 | 20.0
Shields        | 2 3 4 |  4.0
Spellcasting   | 3 4 5 6 7 8 9 10 12 13 14 15 16 | 16.6
Evocations     | 4 5 |  5.0
Summonings     | 2 |  2.0
Conjurations   | 2 6 10 11 12 14 15 | 15.0
Dodging        | 4 5 |  5.0
Translocations | 2 |  2.0
Armour         | 5 8 10 12 13 15 | 15.0
Fire Magic     | 1 |  1.4
Earth Magic    | 2 |  2.0
Stealth        | |  1.7

Action                   |  1- 3 |  4- 6 |  7- 9 | 10-12 | 13-15 | 16-18 | 19-21 | 22-24 || total
-------------------------+-------+-------+-------+-------+-------+-------+-------+-------++-------
Melee: Short sword       |       |     1 |       |       |       |       |       |       ||     1
       Dagger            |       |       |    63 |       |       |       |       |       ||    63
       Staff             |       |       |    14 |    77 |    41 |    61 |    31 |       ||   224
Throw: Stone             |    34 |       |       |       |       |       |       |       ||    34
       Boomerang         |    28 |    65 |   129 |   107 |    14 |       |       |       ||   343
 Cast: Freeze            |    37 |    20 |    65 |   133 |   117 |     3 |       |       ||   375
       Frozen Ramparts   |     8 |    28 |    52 |    58 |    33 |    15 |     1 |       ||   195
       Hailstorm         |       |       |     2 |    45 |    83 |    30 |     4 |       ||   164
       Summon Ice Beast  |       |       |    13 |    36 |    10 |       |       |       ||    59
       Shock             |       |       |       |     8 |       |       |       |       ||     8
       Orb of Destructio |       |       |       |     6 |   260 |   291 |     2 |       ||   559
       Blink             |       |       |       |       |     1 |       |       |       ||     1
       Iron Shot         |       |       |       |       |    35 |    79 |    73 |       ||   187
       Absolute Zero     |       |       |       |       |       |    16 |   214 |    56 ||   286
       Ozocubu's Refrige |       |       |       |       |       |       |    89 |    43 ||   132
       Irradiate         |       |       |       |       |       |       |     1 |       ||     1
 Abil: Hop               |       |       |     3 |     2 |     9 |    12 |     3 |     2 ||    31
       Blink             |       |       |       |       |       |       |       |     1 ||     1
Evoke: Wand              |       |       |       |     6 |     6 |     8 |     6 |       ||    26
  Use: Scroll            |     4 |     1 |     9 |    19 |    21 |    18 |    14 |    14 ||   100
       Potion            |       |       |       |     1 |     2 |     5 |     3 |     9 ||    20
 Stab: Distracted        |       |       |       |     3 |       |       |       |       ||     3
       Paralysed         |       |       |       |       |       |       |    14 |       ||    14
Armor: Robe              |    17 |     8 |    41 |    37 |       |    50 |    51 |       ||   204
       Troll leather arm |       |       |       |    53 |   119 |    77 |       |       ||   249
       Fire dragon scale |       |       |       |       |       |       |       |    25 ||    25
Dodge: Dodged            |    32 |    23 |    82 |   133 |   162 |   163 |    83 |    14 ||   692
Block: Buckler           |       |     7 |    36 |    48 |    56 |    47 |    33 |    14 ||   241

Table legend: (Time is in decaauts)
 A = Elapsed time spent in this place.
 B = Non-inter-level travel time spent in this place.
 C = Inter-level travel time spent in this place.
 D = Time resting spent in this place.
 E = Time spent auto-exploring this place.
 F = Levels seen in this place.
 G = Mean time per level.
                   A        B        C        D        E       F      G
               +--------+--------+--------+--------+--------+-----+--------+
         Total |  71462 |  68419 |   3043 |  32198 |  26534 |  40 | 1786.6 |
       Dungeon |  28262 |  26710 |   1552 |  11738 |  11259 |  15 | 1884.1 |
        Temple |     14 |     14 |      0 |      0 |      1 |   1 |   14.0 |
          Lair |  11727 |  11065 |    662 |   4965 |   4478 |   6 | 1954.5 |
         Swamp |   6272 |   6110 |    162 |   3567 |   1884 |   4 | 1568.0 |
        Shoals |   7623 |   7300 |    323 |   3114 |   3215 |   4 | 1905.8 |
  Orcish Mines |   3479 |   3308 |    171 |   1957 |    880 |   2 | 1739.5 |
        Vaults |  10110 |   9939 |    171 |   4269 |   4229 |   5 | 2022.0 |
      Ice Cave |   2428 |   2428 |      0 |   1603 |    424 |   1 | 2428.0 |
       Volcano |    632 |    632 |      0 |    427 |      0 |   1 |  632.0 |
      Gauntlet |    910 |    910 |      0 |    556 |    162 |   1 |  910.0 |
               +--------+--------+--------+--------+--------+-----+--------+

Top non-repeatable levels by time:
     D:9: 3174 daAuts
    D:11: 2961 daAuts
Vaults:1: 2837 daAuts
Vaults:3: 2764 daAuts
  Lair:6: 2664 daAuts
Shoals:3: 2603 daAuts
    D:12: 2491 daAuts
   IceCv: 2428 daAuts
  Lair:2: 2390 daAuts
Vaults:2: 2307 daAuts
     D:1: 2224 daAuts
 Swamp:3: 2185 daAuts
Vaults:4: 2129 daAuts
    D:15: 2124 daAuts
     D:7: 2122 daAuts
